 Dungeon Crawl Stone Soup version 0.29.1-1-gd02db6906a (webtiles) character file.

Game seed: 8090979949620267184

955 groovy9 the Thaumaturge (level 7, -5/36 HPs)
             Began as a Deep Elf Conjurer on Sept 26, 2022.
             Was an Initiate of Vehumet.
             Slain by Duvessa
             ... wielding a +0 short sword
              (13 damage)
             ... on level 5 of the Dungeon.
             The game lasted 00:15:11 (5157 turns).

groovy9 the Thaumaturge (Deep Elf Conjurer)         Turns: 5157, Time: 00:15:12

Health: -5/36      AC:  4    Str:  4    XL:     7   Next: 91%
Magic:  11/22      EV: 12    Int: 25    God:    Vehumet [......]
Gold:   221        SH:  0    Dex: 13    Spells: 18/25 levels left

rFire   + . .      SeeInvis .   d - +0 dagger
rCold   + . .      Faith    .   (no shield)
rNeg    . . .      Spirit   .   k - +1 robe {rC+ rF+}
rPois   .          Reflect  .   (no helmet)
rElec   .          Harm     .   j - +0 cloak
rCorr   .          Rampage  .   (no gloves)
Will    .....                   (no boots)
Stlth   ++........              o - amulet of the acrobat
HPRegen 0.12/turn               (no ring)
MPRegen 0.18/turn               (no ring)

@: no status effects
A: no striking features
a: Renounce Religion


You were on level 5 of the Dungeon.
You worshipped Vehumet.
Vehumet was noncommittal.
You visited 2 branches of the dungeon, and saw 6 of its levels.

You collected 221 gold pieces.

Inventory:

Hand Weapons
 d - a +0 dagger (weapon)
Armour
 a - a +1 robe
 j - a +0 cloak (worn)
 k - a +1 robe of resistance (worn)
Jewellery
 o - an amulet of the acrobat (around neck)
Wands
 r - a wand of roots (7)
Scrolls
 h - 3 scrolls of teleportation
 l - a scroll of silence {unknown}
 p - a scroll of amnesia
Potions
 b - a potion of magic
 e - 3 potions of curing
 f - a potion of invisibility {unknown}
 g - a potion of mutation
 i - a potion of attraction
 m - a potion of ambrosia
 n - a potion of haste {unknown}
 q - a potion of berserk rage {unknown}


   Skills:
 - Level 2.4 Dodging
 - Level 2.4 Stealth
 + Level 9.9 Spellcasting
 + Level 6.1 Conjurations
 + Level 4.0 Translocations


You had 18 spell levels left.
You knew the following spells:

 Your Spells              Type           Power      Damage    Failure   Level
a - Magic Dart            Conj           100%       1d8       1%          1
b - Searing Ray           Conj           86%        2d7       1%          2
c - Iskenderun's Mystic   Conj/Tloc      37%        2d9       6%          4

Your spell library contained the following spells:

 Spells                   Type           Power      Damage    Failure   Level
 Dazzling Flash           Conj/Hex       54%        N/A       4%          3
 Fulminant Prism          Conj/Hex       13%        3d9       14%         4


Dungeon Overview and Level Annotations

Branches:
Dungeon (5/15)             Temple (1/1) D:5

Altars:
Ashenzari
Cheibriados
Dithmenos
Fedhas
Gozag
Kikubaaqudgha
Makhleb
Nemelex Xobeh
Qazlal
Sif Muna
Trog
Vehumet
Wu Jian
Xom
Yredelemnul
Zin
The Shining One

Annotations:
D:3 3 runed translucent doors, Icepheonix32's ghost, amateur TeAE
D:5 Duvessa; Menkaure; Pikel


Message History

The searing ray hits Duvessa but does no damage.
The searing ray hits Pikel.
Pikel is lightly wounded.
Duvessa completely misses you.
The searing ray hits Duvessa.
Duvessa is lightly wounded.
The searing ray misses the lemure.
The searing ray misses the hound.
You finish channelling your searing ray.
Duvessa barely misses you.
Casting: Searing Ray (safe; 1% risk of failure)
Confirm with . or Enter, or press ? or * to list all spells.
Aiming: Searing Ray (safe; 1% risk of failure)
Press: ? - help, Shift-Dir - straight line, f - Pikel, p - Duvessa
Aim: Pikel, wielding a +2 whip of flaming and wearing a +0 robe (lightly wounded, 77% to hit)
The searing ray hits Duvessa.
Duvessa is lightly wounded.
The searing ray hits the hound!
The hound is severely wounded.
The searing ray hits Pikel!
Pikel is moderately wounded. (Press . to maintain the ray.) Duvessa hits you with a +0 short sword.
Duvessa hits you with a +0 short sword!
A lemure comes into view.
The searing ray hits Duvessa.
Duvessa is moderately wounded.
The searing ray hits the hound but does no damage.
The hound is severely wounded.
The searing ray hits Pikel!
Pikel is heavily wounded.
The searing ray misses Menkaure.
Duvessa hits you with a +0 short sword!
Menkaure calls on the powers of darkness!
Pikel convulses!
The hound convulses!
Duvessa convulses!
Your body is wracked with pain!
* * * LOW HITPOINT WARNING * * *
Okay, then.
As you read the scroll of fear, it crumbles to dust.
You assume a fearsome visage.
The lemure looks frightened!
Duvessa is unaffected.
Menkaure is unaffected.
The hound looks frightened!
Duvessa hits you with a +0 short sword!
You die...

## ## #.# ########### .!.#.
#.# #.........# .....#.#
#.....###)## #. #..#.#
#.....##...###
#..#....#######....##.....##
#.....#...........##..._...#
........####......##.......#
#..###....##.....###^#####'#
#........5e@....## #######†#
......###h##.##.# #.†...##
...##+#M..##.##÷###########
.........$.#.....÷......## #
#[.......####.##.......##
.......§.# #.##........#
.........# #<##.....[..##
.........# ####.........#
.......<.# #)......##..


You could see Duvessa (berserk), a lemure (fleeing), Menkaure and a hound
(fleeing).

Vanquished Creatures
  Prince Ribbit (D:5)
  Grinder (D:5)
  Sigmund (D:2)
  2 lemures (D:5)
  Dowan (D:5)
  An orc priest (D:3)
  2 hounds (D:5)
  An orc wizard (D:3)
  7 adders
  12 gnolls
  2 worms (D:4)
  A dart slug (D:1)
  5 orcs
  3 endoplasms
  4 giant cockroaches
  5 goblins
  4 hobgoblins
  6 jackals
  3 kobolds
  5 quokkas
  4 ball pythons
  7 bats
  3 frilled lizards
  3 rats
84 creatures vanquished.

Vanquished Creatures (others)
  5 fungi (D:5)
5 creatures vanquished.

Grand Total: 89 creatures vanquished

Notes
Turn   | Place    | Note
-------+----------+-------------------------------------------
     0 | D:1      | groovy9 the Deep Elf Conjurer began the quest for the Orb.
     0 | D:1      | Reached XP level 1. HP: 10/10 MP: 6/6
   199 | D:1      | Reached skill level 4 in Spellcasting
   199 | D:1      | Reached XP level 2. HP: 15/15 MP: 1/9
   937 | D:1      | Found a faded altar of an unknown god.
  1364 | D:2      | Reached skill level 5 in Spellcasting
  1364 | D:2      | Reached XP level 3. HP: 19/19 MP: 4/11
  1870 | D:2      | Noticed Sigmund
  2013 | D:2      | Learned a level 2 spell: Searing Ray
  2375 | D:3      | Reached skill level 6 in Spellcasting
  2375 | D:3      | Reached XP level 4. HP: 24/24 MP: 0/14
  2793 | D:3      | Reached skill level 7 in Spellcasting
  2804 | D:3      | Reached XP level 5. HP: 26/28 MP: 4/16
  2898 | D:3      | Found a runed translucent gate.
  2900 | D:3      | Found a runed translucent gate.
  2901 | D:3      | Found a runed translucent gate.
  2904 | D:3      | Noticed Icepheonix32's ghost (amateur TeAE)
  2965 | D:3      | Learned a level 4 spell: Iskenderun's Mystic Blast
  3334 | D:4      | Reached skill level 8 in Spellcasting
  4154 | D:2      | Killed Sigmund
  4155 | D:2      | Reached skill level 1 in Translocations
  4155 | D:2      | Reached XP level 6. HP: 32/32 MP: 9/19
  4500 | D:5      | Entered Level 5 of the Dungeon
  4568 | D:5      | Found a staircase to the Ecumenical Temple.
  4582 | D:5      | Reached skill level 9 in Spellcasting
  4582 | D:5      | Reached skill level 5 in Conjurations
  4638 | Temple   | Entered the Ecumenical Temple
  4734 | Temple   | Became a worshipper of Vehumet
  4819 | D:5      | Noticed Prince Ribbit
  4831 | D:5      | Killed Prince Ribbit
  4832 | D:5      | Reached XP level 7. HP: 35/36 MP: 6/21
  4943 | D:5      | Found a bloodstained altar of Trog.
  5036 | D:5      | Noticed Grinder
  5044 | D:5      | Killed Grinder
  5044 | D:5      | Noticed Dowan
  5051 | D:5      | Killed Dowan
  5146 | D:5      | Noticed Menkaure
  5147 | D:5      | Noticed Duvessa
  5150 | D:5      | Noticed Pikel
  5157 | D:5      | Slain by Duvessa

Illustrated notes

Levels and vault maps discovered:
D:1:      minmay_arrival_wavy_path, layout_loops_ring,
          hellmonk_ecumenical_altar_inner_sanctum, minmay_misc_feat_room,
          minmay_distorted
D:2:      layout_basic, minmay_misc_feat_plants, uniq_sigmund
D:3:      layout_loops_ring, gammafunk_ghost_necromancy
D:4:      layout_basic, grunt_decor_arrowhead
D:5:      layout_basic, trog_butcher_becter, grunt_temple_overflow_cloverleaf,
          minmay_temple_entry_statues, serial_aquarium, aquarium_bridge_straight
          [aquarium_subvault_bridge, aquarium_subvault_wall,
          aquarium_subvault_bridge, aquarium_subvault_window],
          aquarium_window_fake, aquarium_window_1, aquarium_view_2d, uniq_pikel,
          uniq_duvessa, uniq_grinder, uniq_prince_ribbit1, uniq_menkaure
Temple:   nicolae_temple_bog_church

Skill      XL: |  1  2  3  4  5  6  7 |
---------------+----------------------+-----
Spellcasting   | 4 5 6 7 8 9 |  9.9
Translocations | 1 3 4 |  4.0
Conjurations   | 5 6 |  6.1
Dodging        | |  2.4
Stealth        | |  2.4

Action                   |  1- 3 |  4- 6 |  7- 9 || total
-------------------------+-------+-------+-------++-------
Melee: Dagger            |    13 |       |       ||    13
 Cast: Magic Dart        |    72 |    36 |     4 ||   112
       Searing Ray       |     5 |    25 |     9 ||    39
  Use: Scroll            |    10 |     1 |     1 ||    12
       Potion            |     3 |       |     1 ||     4
Armor: Robe              |     5 |     4 |     1 ||    10
       Skin              |    15 |       |       ||    15
Dodge: Dodged            |    17 |     9 |    17 ||    43
